 Dungeon Crawl Stone Soup version 0.31-a0-358-gac0dbeb3ab (webtiles) character file.

Game seed: 592471415775005323

1439 hashsling the Poker (level 9, 0/70 HPs)
             Began as a Human Wanderer on July 25, 2023.
             Was an Initiate of the Shining One.
             Slain by an orc warrior
             ... wielding a +0 hand axe
              (8 damage)
             ... on level 6 of the Dungeon.
             The game lasted 00:18:36 (4982 turns).

hashsling the Poker (Human Wanderer)                Turns: 4982, Time: 00:18:37

Health: 0/70       AC: 10    Str: 16    XL:     9   Next: 4%
Magic:  10/10      EV: 10    Int: 11    God:    the Shining One [......]
Gold:   255        SH:  0    Dex: 13    Spells: 10/10 levels left

rFire   + . .        p - +6 spear "Egg" {freeze, rPois}
rCold   . . .        (no shield)
rNeg    . . .        y - +3 scale mail "Icwumnosio" {Fly rF+ Dex-2}
rPois   +            (no helmet)
rElec   .            u - +0 cloak
rCorr   .            (no gloves)
SInv    .            (no boots)
Will    .....        o - amulet of faith Stlth
                     (no ring)
HPRegen 0.31/turn    (no ring)
MPRegen 0.12/turn

%: faith
@: flying, glowing
A: no striking features
a: Renounce Religion


You were on level 6 of the Dungeon.
You worshipped the Shining One.
The Shining One was noncommittal.
You visited 2 branches of the dungeon, and saw 7 of its levels.
You also visited: Sewer.

You collected 285 gold pieces.
You spent 30 gold pieces at shops.

Inventory:

Hand Weapons
 a - a +2 quarterstaff
 p - the +6 spear "Egg" (weapon) {freeze, rPois}
   (You found it on level 2 of the Dungeon)

   rPois:     It protects you from poison.
Missiles
 k - 4 poisoned darts (quivered)
 r - 2 boomerangs
 D - a throwing net
Armour
 m - a +0 ring mail
 u - a +0 cloak (worn)
 x - a +0 chain mail of cold resistance
 y - the +3 scale mail "Icwumnosio" (worn) {Fly rF+ Dex-2}
   (You found it on level 5 of the Dungeon)

   Dex:       It affects your dexterity (-2).
   rF:        It protects you from fire.
   Fly:       It grants you flight.
Jewellery
 o - an amulet of faith (around neck)
Wands
 c - a wand of polymorph (5)
 w - a wand of flame (15)
Scrolls
 b - 6 scrolls of identify {unknown}
 e - a scroll of immolation {unknown}
 g - 7 scrolls of teleportation
 h - a scroll of revelation {unknown}
 j - a scroll of noise {unknown}
 l - 3 scrolls of enchant weapon {unknown}
 n - a scroll of amnesia {unknown}
Potions
 d - a potion of resistance {unknown}
 f - 2 potions of curing
 i - a potion of lignification {unknown}
 q - 2 potions of haste {unknown}
 s - a potion of attraction {unknown}
 t - 4 potions of enlightenment
 v - a potion of brilliance {unknown}
 z - a potion of mutation {unknown}
 A - a potion of heal wounds {unknown}
 B - a potion of might {unknown}
 C - a potion of berserk rage {unknown}
 E - a potion of magic {unknown}


   Skills:
 * Level 6.3 Fighting
 * Level 6.4(7.1) Polearms
 - Level 4.6(6.2) Staves
 + Level 3.1 Armour
 - Level 2.0 Dodging
 - Level 1.0 Spellcasting
 - Level 3.0 Evocations


You had 10 spell levels left.
You didn't know any spells.
Your spell library contained the following spells:

 Spells                   Type           Power      Damage    Failure   Level
 Magic Dart               Conj           0%         1d3       75%         1
 Summon Small Mammal      Summ           0%         N/A       75%         1
 Call Imp                 Summ           0%         N/A       86%         2
 Ensorcelled Hibernation  Hex/Ice        0%         N/A       86%         2
 Lesser Beckoning         Tloc           0%         N/A       86%         2
 Passwall                 Tmut/Erth      0%         N/A       86%         2
 Call Canine Familiar     Summ           0%         N/A       98%         3
 Gell's Gravitas          Tloc           0%         N/A       98%         3
 Mephitic Cloud           Conj/Pois/Air  0%         N/A       98%         3
 Summon Guardian Golem    Hex/Summ       0%         N/A       98%         3
 Swiftness                Air            0%         N/A       98%         3
 Teleport Other           Tloc           0%         N/A       98%         3
 Summon Forest            Summ/Tloc      0%         N/A       100%        5
 Summon Mana Viper        Hex/Summ       0%         N/A       100%        5
 Summon Cactus Giant      Summ           0%         N/A       100%        6


Dungeon Overview and Level Annotations

Branches:
Dungeon (6/15)             Temple (1/1) D:5           Sewer (visited)

Altars:
Ashenzari
Dithmenos
Elyvilon
Fedhas
Gozag
Hepliaklqana
Makhleb
Nemelex Xobeh
Qazlal
Ru
Sif Muna
Trog
Uskayaw
Vehumet
Wu Jian
Xom
Yredelemnul
Zin
The Shining One

Shops:
D:5 !

Annotations:
D:3 3 runed translucent doors, dcgrp's ghost, amateur OpSh


Message History

You hit the orc wizard but do no damage.
The orc wizard hits you with a +2 dagger of speed.
* * * LOW HITPOINT WARNING * * *
The orc warrior hits you but does no damage.
You barely miss the orc wizard. The orc wizard barely misses you.
The orc warrior hits you with a +0 hand axe.
* * * LOW HITPOINT WARNING * * *
Okay, then.
You feel better. The orc wizard closely misses you.
The orc wizard barely misses you.
The orc warrior hits you but does no damage.
You barely miss the orc wizard.
The orc wizard gestures at you while chanting.
The magic dart hits you.
* * * LOW HITPOINT WARNING * * *
The orc warrior hits you but does no damage.
You hit the orc wizard. You freeze the orc wizard.
The orc wizard is moderately wounded.
The orc wizard barely misses you.
You hit the orc wizard. You freeze the orc wizard.
The orc wizard is severely wounded.
The orc warrior hits you but does no damage.
The orc wizard barely misses you.
You hit the orc wizard. You freeze the orc wizard.
You kill the orc wizard!
Reactivating autopickup.
The orc warrior hits you with a +0 hand axe!
* * * LOW HITPOINT WARNING * * *
The orc warrior attacks as you move away!
The orc warrior hits you with a +0 hand axe.
* * * LOW HITPOINT WARNING * * *
Things that are here:
a +2 dagger of speed; a +0 robe The orc warrior attacks as you move away!
The orc warrior hits you but does no damage.
The orc warrior attacks as you move away!
The orc warrior hits you but does no damage.
The orc warrior attacks as you move away!
The orc warrior hits you with a +0 hand axe!
You die...

#######.# #......
.....<.####.#####
#.#......#.##### ####
#>......>....## #.^.#
##...##.#.##.##
#.##.###....##.#.##...
#.# #.#........#......
###o####.#.#############
#.)oo.o@##.#### #
#o#.###.##....# #
#(#.###.#####.### #
#o#o.##.# #.....# #
#o##.##.# #.....# #
#.o)....# #.....# #
####.#### #.....# #
#..o...# #.....#
#.##.#.# #######


You could see an orc warrior, an orc wizard and 3 orcs.

Vanquished Creatures
  A steam dragon (D:5)
  2 black bears (D:5)
  An ogre (D:6)
  A phantom (D:5)
  Blork the orc (D:4)
  A gnoll sergeant (D:5)
  A scorpion (D:5)
  A howler monkey (D:5)
  2 orc priests
  A hound (D:4)
  A jelly (D:6)
  A gnoll bouda (D:5)
  2 iguanas (D:5)
  6 orc wizards
  A sleepcap (D:5)
  A sickly merfolk siren (Sewer)
  A malarious merfolk avatar (Sewer)
  9 gnolls
  12 adders
  A river rat (D:4)
  A white imp (D:6)
  An ufetubus (D:4)
  3 worms
  2 dart slugs (D:1)
  6 orcs
  10 ball pythons
  6 endoplasms
  4 giant cockroaches
  6 goblins
  5 hobgoblins
  16 jackals
  4 kobolds
  4 quokkas
  6 bats
  6 frilled lizards
  30 rats
157 creatures vanquished.

Notes
Turn   | Place    | Note
-------+----------+-------------------------------------------
     0 | D:1      | hashsling the Human Wanderer began the quest for the Orb.
     0 | D:1      | hashsling set off with the following items: a +2
                  | quarterstaff, a +0 spear, a wand of polymorph (7), a scroll
                  | of silence, a +0 leather armour.
     0 | D:1      | Reached XP level 1. HP: 15/15 MP: 2/2
    66 | D:1      | Reached XP level 2. HP: 21/21 MP: 3/3
   168 | D:1      | Reached XP level 3. HP: 14/26 MP: 4/4
   584 | D:2      | Reached XP level 4. HP: 29/33 MP: 5/5
   997 | D:2      | Reached XP level 5. HP: 38/39 MP: 6/6
  1065 | D:2      | Found a shimmering altar of Xom.
  1074 | D:2      | Identified the +6 spear "Egg" {freeze, rPois}
  1512 | D:3      | Found a faded altar of an unknown god.
  1678 | D:3      | Found an opulent altar of Gozag.
  1747 | D:3      | Found a runed translucent gate.
  1748 | D:3      | Found a runed translucent gate.
  1749 | D:3      | Found a runed translucent gate.
  1753 | D:3      | Noticed dcgrp's ghost (amateur OpSh)
  1823 | D:3      | Reached skill level 1 in Dodging
  2264 | D:4      | Reached XP level 6. HP: 47/47 MP: 7/7
  2264 | D:4      | Found a glowing drain.
  2290 | Sewer    | Entered a sewer
  2942 | D:4      | Noticed Blork the orc
  2952 | D:4      | Killed Blork the orc
  3167 | D:4      | Reached XP level 7. HP: 53/53 MP: 8/8
  3495 | D:5      | Entered Level 5 of the Dungeon
  3752 | D:5      | Found Lopluh's Distillery.
  3760 | D:5      | Bought a potion of curing for 30 gold pieces
  3799 | D:5      | Noticed a steam dragon
  3804 | D:5      | Identified the +3 scale mail "Icwumnosio" {Fly rF+ Dex-2}
  3904 | D:5      | Found a radiant altar of Vehumet.
  3927 | D:5      | Reached XP level 8. HP: 51/61 MP: 9/9
  4192 | D:5      | Found a staircase to the Ecumenical Temple.
  4209 | D:5      | Reached skill level 5 in Fighting
  4209 | D:5      | Reached skill level 5 in Polearms
  4225 | Temple   | Entered the Ecumenical Temple
  4233 | Temple   | Became a worshipper of the Shining One
  4944 | D:6      | Reached XP level 9. HP: 69/69 MP: 10/10
  4982 | D:6      | Slain by an orc warrior

Illustrated notes

Levels and vault maps discovered:
D:1:      scummos_arrival_forest, layout_rooms
D:2:      layout_loops_ring, basic_altar
D:3:      layout_basic, mainiacjoe_overflow_boulevard,
          hellmonk_ecumenical_altar_dog_temple, gammafunk_ghost_necromancy
D:4:      layout_loops_ring, portal_sewer_entry_a, uniq_blork_the_orc
D:5:      layout_basic, nicolae_vehumet_altar_sigil, minmay_temple_entry_grid,
          serial_shops, shop, minmay_hedge_maze
D:6:      layout_loops_cross, uniq_menkaure
Temple:   nicolae_temple_bog_church

Skill      XL: |  1  2  3  4  5  6  7  8 |
---------------+-------------------------+-----
Fighting       | 2 3 4 6 |  6.3
Staves         | 4 |  4.6
Dodging        | 1 2 |  2.0
Polearms       | 2 3 4 6 |  6.4
Armour         | 2 3 |  3.1
Spellcasting   | |  1.0
Evocations     | |  3.0

Action                     |  1- 3 |  4- 6 |  7- 9 || total
---------------------------+-------+-------+-------++-------
  Melee: Quarterstaff      |    57 |    48 |       ||   105
         Spear             |       |   139 |   170 ||   309
         Punch             |       |       |     3 ||     3
  Throw: Boomerang         |       |       |    11 ||    11
         Dart              |       |       |     1 ||     1
  Evoke: Wand              |       |     1 |     1 ||     2
    Use: Scroll            |       |     1 |     1 ||     2
         Potion            |       |       |     1 ||     1
   Stab: Sleeping          |       |     1 |       ||     1
 Armour: Leather armour    |    16 |    13 |       ||    29
         Ring mail         |       |    29 |     1 ||    30
         Chain mail        |       |       |    14 ||    14
         Scale mail        |       |       |    50 ||    50
  Dodge: Dodged            |    39 |    79 |    42 ||   160

Table legend: (Time is in decaauts)
 A = Elapsed time spent in this place.
 B = Non-inter-level travel time spent in this place.
 C = Inter-level travel time spent in this place.
 D = Time resting spent in this place.
 E = Time spent auto-exploring this place.
 F = Levels seen in this place.
 G = Mean time per level.
                   A        B        C        D        E       F      G
               +--------+--------+--------+--------+--------+-----+--------+
         Total |   5002 |   4839 |    163 |      0 |   3762 |   8 |  625.2 |
       Dungeon |   4530 |   4374 |    156 |      0 |   3507 |   6 |  755.0 |
        Temple |     17 |     10 |      7 |      0 |      0 |   1 |   17.0 |
         Sewer |    453 |    453 |      0 |      0 |    255 |   1 |  453.0 |
               +--------+--------+--------+--------+--------+-----+--------+

Top non-repeatable levels by time:
     D:5: 1175 daAuts
     D:4: 872 daAuts
     D:2: 849 daAuts
     D:3: 790 daAuts
     D:1: 578 daAuts
   Sewer: 453 daAuts
     D:6: 263 daAuts
  Temple: 17 daAuts
